 Dungeon Crawl Stone Soup version 0.31-a0-1589-g8f5e8aebd6 (webtiles) character file.

Game seed: 16810648167468910358

86 Lobster4 the Shooter (level 4, -3/38 HPs)
             Began as a Minotaur Hunter on Jan 5, 2024.
             Slain by a cerulean imp
             ... wielding a +2 spear
             ... summoned by Natasha
              (4 damage)
             ... on level 2 of the Dungeon.
             The game lasted 00:02:59 (1306 turns).

Lobster4 the Shooter (Minotaur Hunter)              Turns: 1306, Time: 00:03:00

Health: -3/38      AC:  5    Str: 16    XL:     4   Next: 27%
Magic:  3/3        EV: 11    Int:  6    God:
Gold:   39         SH:  0    Dex: 15    Spells: 3/3 levels left

rFire   . . .        a - +0 shortbow
rCold   . . .        (shield currently unavailable)
rNeg    . . .        k - +0 ring mail
rPois   .            (helmet restricted)
rElec   .            (no cloak)
rCorr   .            (no gloves)
SInv    .            (no boots)
Will    .....        (no amulet)
Stlth   +            (no ring)
HPRegen 0.26/turn    (no ring)
MPRegen 0.08/turn

%: no passive effects
@: no status effects
A: horns 2, retaliatory headbutt
a: no special abilities


You were on level 2 of the Dungeon.
You visited 1 branch of the dungeon, and saw 2 of its levels.

You collected 39 gold pieces.

Inventory:

Hand Weapons
 a - a +0 shortbow (weapon)
 h - a +3 hand axe of holy wrath
 p - a +0 sling
Missiles
 f - 4 poisoned darts
 n - 6 boomerangs
Armour
 c - a +0 leather armour
 k - a +0 ring mail (worn)
Wands
 m - a wand of roots (6)
Scrolls
 b - a scroll of butterflies
 d - a scroll of poison {unknown}
 e - 2 scrolls of identify {unknown}
 g - a scroll of revelation {unknown}
 i - 2 scrolls of teleportation {unknown}
 j - a scroll of amnesia {unknown}
 q - a scroll of fog {unknown}
Potions
 l - a potion of haste {unknown}
 o - a potion of degeneration {unknown}
 r - a potion of enlightenment {unknown}


   Skills:
 + Level 3.2 Fighting
 * Level 5.2 Ranged Weapons
 * Level 2.0 Armour
 - Level 3.0 Dodging
 - Level 1.0 Stealth


You had 3 spell levels left.
You didn't know any spells.
Your spell library contained the following spells:

 Spells                   Type           Power      Damage    Failure   Level
 Ensorcelled Hibernation  Hex/Ice        0%         N/A       80%         2
 Passwall                 Erth           0%         N/A       95%         3
 Swiftness                Air            0%         N/A       95%         3
 Manifold Assault         Tloc           0%         N/A       100%        4
 Dispersal                Tloc           0%         N/A       100%        6
 Disjunction              Tloc           0%         N/A       100%        8


Dungeon Overview and Level Annotations

Branches:
Dungeon (2/15)

Altars:
Zin

Shops:
D:1 ?

Annotations:
D:2 Natasha


Innate Abilities, Weirdness & Mutations

You have a pair of horns on your head.
You reflexively headbutt those who attack you in melee.


Message History

You headbutt the cerulean imp. Natasha casts a spell at you.
You resist with some effort.
You shoot an arrow.
The arrow hits the cerulean imp but does no damage.
The cerulean imp is lightly wounded.
The cerulean imp hits you but does no damage.
You shoot an arrow.
The arrow hits Natasha but does no damage.
Natasha is almost dead.
Natasha claws you! The cerulean imp completely misses you.
The cerulean imp hits you with a +3 spear.
You shoot an arrow. The arrow barely misses Natasha.
The cerulean imp hits you from afar with a +0 spear.
The cerulean imp hits you with a +3 spear.
Natasha claws you.
The cerulean imp hits you from afar with a +0 spear.
Natasha claws you.
The cerulean imp hits you with a +3 spear.
* * * LOW HITPOINT WARNING * * *
You shoot an arrow. The arrow closely misses Natasha.
Natasha casts a spell.
The cerulean imp barely misses you.
The cerulean imp hits you with a +3 spear.
* * * LOW HITPOINT WARNING * * *
You shoot an arrow. The arrow closely misses Natasha.
Natasha claws you but does no damage.
The cerulean imp hits you from afar with a +0 spear.
* * * LOW HITPOINT WARNING * * *
The cerulean imp misses you. You furiously retaliate!
You headbutt the cerulean imp.
The cerulean imp hits you from afar with a +2 spear.
* * * LOW HITPOINT WARNING * * *
You shoot an arrow. The arrow closely misses Natasha.
Natasha claws you.
* * * LOW HITPOINT WARNING * * *
The cerulean imp hits you from afar with a +0 spear.
* * * LOW HITPOINT WARNING * * *
The cerulean imp hits you but does no damage.
The cerulean imp hits you from afar with a +2 spear.
You die...

####### ##55..... #@h#
#.## #.# ###5# #.#
#...# #.# ##.### #.#
#..# #.#
###.#################..
#.......††)............
#####'######.....##...#


You could see Natasha and 3 cerulean imps.

Vanquished Creatures
  4 adders (D:2)
  3 dart slugs
  3 ball pythons (D:1)
  5 endoplasms
  4 giant cockroaches
  5 goblins (D:2)
  3 hobgoblins
  2 jackals (D:1)
  A quokka (D:2)
  3 bats
  A frilled lizard (D:2)
  4 kobolds (D:1)
  6 rats
44 creatures vanquished.

Notes
Turn   | Place    | Note
-------+----------+-------------------------------------------
     0 | D:1      | Lobster4 the Minotaur Hunter began the quest for the Orb.
     0 | D:1      | Reached XP level 1. HP: 18/18 MP: 0/0
   102 | D:1      | Found Eblec's Magic Scroll Boutique.
   143 | D:1      | Reached skill level 1 in Stealth
   178 | D:1      | Reached XP level 2. HP: 25/25 MP: 1/1
   282 | D:1      | Reached skill level 1 in Armour
   791 | D:2      | Reached XP level 3. HP: 30/30 MP: 2/2
   854 | D:2      | Found a glowing silver altar of Zin.
  1071 | D:2      | Reached skill level 5 in Ranged Weapons
  1187 | D:2      | Reached XP level 4. HP: 32/38 MP: 3/3
  1294 | D:2      | Noticed Natasha
  1306 | D:2      | HP: 1/38 [cerulean imp/+0 spear[Natasha] (3)]
  1306 | D:2      | Slain by a cerulean imp

Illustrated notes

Levels and vault maps discovered:
D:1:      beargit_arrival_diablo_church, layout_basic, serial_shops, shop,
          minmay_shallow_snake_nest
D:2:      minmay_thinvault, layout_rooms, basic_altar, uniq_natasha

Skill      XL: |  1  2  3  4 |
---------------+-------------+-----
Stealth        | 1 |  1.0
Armour         | 1 2 |  2.0
Fighting       | 3 |  3.2
Ranged Weapons | 5 |  5.2
Dodging        | 3 |  3.0

Action                     |  1- 3 |  4- 6 || total
---------------------------+-------+-------++-------
   Fire: Shortbow          |    89 |    27 ||   116
 Armour: Leather armour    |     4 |       ||     4
         Ring mail         |    21 |    27 ||    48
  Dodge: Dodged            |    22 |    15 ||    37

Table legend: (Time is in decaauts)
 A = Elapsed time spent in this place.
 B = Non-inter-level travel time spent in this place.
 C = Inter-level travel time spent in this place.
 D = Time resting spent in this place.
 E = Time spent auto-exploring this place.
 F = Levels seen in this place.
 G = Mean time per level.
                   A        B        C        D        E       F      G
               +--------+--------+--------+--------+--------+-----+--------+
         Total |   1332 |   1305 |     27 |      0 |   1052 |   2 |  666.0 |
       Dungeon |   1332 |   1305 |     27 |      0 |   1052 |   2 |  666.0 |
               +--------+--------+--------+--------+--------+-----+--------+

Top non-repeatable levels by time:
     D:1: 795 daAuts
     D:2: 537 daAuts
